 Dungeon Crawl Stone Soup version 0.26.1-11-gd32895ea62 (webtiles) character file.

Game seed: 912535467940716123

434446 dtburroughs the Executioner (level 22, -18/319 HPs)
             Began as a Minotaur Berserker on July 17, 2021.
             Was a High Priest of Trog.
             Demolished by an ettin
             ... wielding a +0 dire flail
              (36 damage)
             ... on level 3 of the Depths.
             The game lasted 03:12:22 (71436 turns).

dtburroughs the Executioner (Minotaur Berserker)   Turns: 71436, Time: 03:12:23

Health: -18/319    AC: 31    Str: 26    XL:     22   Next: 90%
Magic:  21/21      EV:  2    Int:  3    God:    Trog [*****.]
Gold:   3083       SH: 36    Dex:  9    Spells: 21/21 levels left

rFire    x . .     SeeInvis +   r - +5 hand axe "Femopiv" {flame, rElec Will+ Dex-4 SInv}
rCold    + + +     Faith    .   j - +8 tower shield
rNeg     + + +     Spirit   .   (armour currently unavailable)
rPois    +         Reflect  +   (helmet currently unavailable)
rElec    +         Harm     .   (cloak currently unavailable)
rCorr    +         Rampage  .   (gloves currently unavailable)
Will     ++...     Rnd*Rage +   (boots currently unavailable) Stlth ++........NoTele +
                                G - amulet "Pabasch" {Reflect +Inv SH+5 Stlth+}
HPRegen  0.63/turn              X - ring of Attitude {rElec rPois rF- rC+++ Int-4}
MPRegen  0.17/turn              O - ring of resist corrosion

@: tree-form
A: (retaliatory headbutt), berserk 1, blurry vision 2, subdued magic 3
}: 2/15 runes: decaying, serpentine
a: Renounce Religion, Evoke Invisibility, Berserk, Trog's Hand, Brothers in Arms


You were on level 3 of the Depths.
You worshipped Trog.
Trog was extremely pleased with you.
You were a tree.
You visited 7 branches of the dungeon, and saw 38 of its levels.
You visited the Abyss 1 time.
You visited 1 ziggurat, and saw 4 of its levels.
You also visited: Sewer, Bailey, Ice Cave and Wizlab.

You collected 5941 gold pieces.
You spent 2858 gold pieces at shops.

Inventory:

Hand Weapons
 r - the +5 hand axe "Femopiv" (weapon) {flame, rElec Will+ Dex-4 SInv}
   (You found it on level 13 of the Dungeon)

   It has been specially enchanted to burn those struck by it, causing extra
   injury to most foes and up to half again as much damage against particularly
   susceptible opponents.
   Big, fiery blades are also staple armaments of hydra-hunters.
   It affects your dexterity (-4).
   It insulates you from electricity.
   It affects your willpower, your defense against some magical effects.
   It lets you see invisible.
 R - the +5 broad axe of Revolt {vorpal, Will+}
   (Trog gifted it to you on level 2 of the Vaults)

   It inflicts extra damage upon your enemies.
   It affects your willpower, your defense against some magical effects.
 T - the +7 hand axe "Jaethupn" {antimagic, *Noise rN+ Int+8 SInv}
   (Trog gifted it to you on level 4 of the Snake Pit)

   It reduces the magical energy of the wielder, and disrupts the spells and
   magical abilities of those hit.
   Natural abilities and divine invocations are not affected.
   It affects your intelligence (+8).
   It protects you from negative energy.
   It lets you see invisible.
   It may make noises in combat.
Armour
 c - a +4 plate armour of willpower (melded)
 j - a +8 tower shield (worn)
 z - the +0 pair of boots of Rotation {+Fly Str-2 Int-3 Slay+4}
   (You found it in a wizard's laboratory)

   It affects your strength (-2).
   It affects your intelligence (-3).
   It affects your accuracy and damage with ranged weapons and melee attacks
   (+4).
   It lets you fly.
 F - a +0 kite shield of cold resistance
 I - a scarf of resistance (melded)
 J - a +2 pair of boots of rampaging (melded)
 M - a +1 hat of intelligence (melded)
 Q - a +2 pair of gloves (melded)
Jewellery
 f - an uncursed ring of flight
 G - the amulet "Pabasch" (around neck) {Reflect +Inv SH+5 Stlth+}
   (You bought it in a shop on level 1 of the Snake Pit)

   [amulet of reflection]

   It shields you and reflects attacks.
   It lets you turn invisible.
   It affects your SH (+5).
   It makes you more stealthy.
 O - a ring of resist corrosion (right branch)
 U - an uncursed ring of positive energy
 X - the ring of Attitude (left branch) {rElec rPois rF- rC+++ Int-4}
   (You found it in a wizard's laboratory)

   [ring of poison resistance]

   It affects your intelligence (-4).
   It makes you vulnerable to fire.
   It renders you almost immune to cold.
   It insulates you from electricity.
   It protects you from poison.
Wands
 e - a wand of acid (51)
 g - a wand of digging (13)
 k - a wand of disintegration (12)
 n - a wand of iceblast (15)
 o - a wand of random effects (36)
 v - a wand of enslavement (29)
 D - a wand of polymorph (22)
 P - a wand of paralysis (44)
 Y - a wand of flame (54)
Scrolls
 b - 9 scrolls of fog
 h - 18 scrolls of teleportation
 l - 17 scrolls of remove curse
 m - 6 scrolls of blinking
 p - 5 scrolls of magic mapping
 t - 3 scrolls of enchant armour
 w - 4 scrolls of immolation
 x - 2 scrolls of fear
 y - 2 scrolls of holy word
 N - a scroll of silence
Potions
 a - 6 potions of mutation
 d - a potion of resistance
 i - 7 potions of might
 q - a potion of ambrosia
 s - 11 potions of cancellation
 u - 3 potions of flight
 A - 11 potions of curing
 C - 4 potions of haste
 E - a potion of heal wounds
 S - 5 potions of lignification
 Z - a potion of invisibility
Miscellaneous
 B - a phial of floods
 V - a tin of tremorstones (2/2)
 W - a lightning rod (4/4)


   Skills:
 + Level 21.0 Fighting
 + Level 21.1 Axes
 + Level 20.9 Armour
 + Level 19.6 Dodging
 + Level 20.2 Shields
 - Level 1.5 Evocations


You had 21 spell levels left.
You didn't know any spells.
Your spell library was empty.

Dungeon Overview and Level Annotations

Branches:
Dungeon (15/15)            Temple (0/1) D:6            Lair (6/6) D:8
  Swamp (4/4) Lair:3        Snake (4/4) Lair:4        Slime (0/5) Lair:6
    Orc (2/2) D:12            Elf (0/3) Orc:2        Vaults (4/5) D:14
  Crypt (0/3) Vaults:2     Depths (3/5) D:15          Sewer (visited)
 Bailey (visited)           IceCv (visited)          WizLab (visited)

Altars:
Ashenzari
Dithmenos
Gozag
Kikubaaqudgha
Makhleb
Sif Muna
Vehumet
Xom
Yredelemnul
Zin
Beogh
Jiyva
Lugonu

Shops:
D:4 (   D:6 ([**   D:9 :   Orc:1 !   Orc:2 !:(}   Snake:1 }=}:   Snake:2 *=((
Snake:4 *!   Vaults:4 *

Portals:
Hell: Depths:1 Depths:2
Abyss: Snake:3

Annotations:
D:10 1 runed translucent door, vvl's ghost, journeyman DrTm
D:15 3 runed translucent doors, Qishud's ghost, adept GrEE
Lair:6 1 runed translucent door
Orc:1 1 runed translucent door, bnorton916's ghost, journeyman DECj
Vaults:3 3 runed translucent doors, Olop's ghost, adept DsGl; Sianeop's ghost, adept GrFi; christhawk's ghost, adept MiHu
Vaults:4 2 runed translucent doors, Besh's ghost, adept GnGl; Faydane's ghost, veteran HuFi


Innate Abilities, Weirdness & Mutations

((You reflexively headbutt those who attack you in melee.))
((You have a pair of horns on your head.))
You tend to lose your temper in combat.
Scrolls take you longer to read.
((Your flesh is heat resistant. (rF+)))
Your spells are much easier to cast, but much less powerful.


Message History

Are you sure you want to cancel this blink?
Uppercase [Y]es or [N]o only, please.
Are you sure you want to cancel this blink?
Okay, then.
Really quaff the potion of lignification?
Uppercase [Y]es or [N]o only, please.
Really quaff the potion of lignification?
You turn into a tree.
Your scarf of resistance melds into your body.
Your +1 hat of intelligence melds into your body.
Your +2 pair of gloves melds into your body.
Your +2 pair of boots of rampaging melds into your body.
Your +4 plate armour of willpower melds into your body.
You feel hot and cold all over.
You feel stupid.
You no longer feel able to rampage towards enemies.
You feel less strong-willed.
Your roots penetrate the ground.
You block the juggernaut's attack. x2
The ettin hits you with a +0 dire flail!!!
You die...

'./.)C' +.###.+...## #D|p#
... #..#..#.#..# #)# D.$
#⌠...⌠#.#..#
###(#####'#####'###.##.##
#..iH.#(#T#[#.....#.##..###
#..##.#.#.#.#..#..#.###>...
+(##..'.#C#.+.....[.# #####
#. ##.#.#C#.#..#..#.# #.<
#. ...#iHC♣.#.....#.# #.. #
#'#####C#####+###.# #..
...................# #..
############..##..#######..
#.....).........
###....##########.
#.......# #.......
#.......# #.######
#.......###.#


You could see 2 juggernauts, an iron dragon, a fire giant, a sphinx, an ettin, a
spriggan air mage (repels missiles) and a deep troll shaman.

Vanquished Creatures
  Mara (Depths:1)
  2 juggernauts (Depths:3)
  Frederick (Vaults:4)
  Saint Roka (D:14)
  Vashnia (Snake:4)
  4 liches
  Jorgrun (Snake:2)
  2 sphinxes
  3 tentacled starspawn (WizLab)
  A thorn hunter (Zig:3)
  Kirke (Snake:3)
  A storm dragon (Vaults:2)
  A tengu reaver (Vaults:4)
  2 shadow dragons
  2 fenstrider witches (Swamp:4)
  9 nagarajas
  Donald (Vaults:1)
  12 vault wardens
  Roxanne (D:14)
  6 fire giants
  A deep elf sorcerer (Depths:2)
  8 frost giants
  A cacodemon (Abyss:2)
  Aizul (Snake:4)
  An orc warlord (Orc:1)
  A war gargoyle (Vaults:4)
  11 ironheart preservers
  9 stone giants
  5 very ugly things
  A deep elf demonologist (Vaults:3)
  A lorocyproca (WizLab)
  2 vampire knights
  8 bunyips
  2 spark wasps (Depths:1)
  4 eleionomae
  A blizzard demon (Swamp:4)
  A crystal guardian (Vaults:1)
  7 ettins
  A deep elf death mage (Vaults:2)
  5 great orbs of eyes
  Josephine (Orc:1)
  7 fire dragons
  6 yaktaur captains
  A deep elf high priest (Vaults:4)
  Erolcha (Orc:2)
  2 jiangshi (Depths:2)
  19 ogre magi
  7 boulder beetles
  6 ice dragons
  17 naga warriors
  A death knight (Vaults:2)
  2 catoblepae
  6 vault guards
  18 hydras
  16 alligators
  11 anacondas
  12 centaur warriors
  33 two-headed ogres
  A hell hog (Depths:2)
  9 death yaks
  6 deep troll shamans
  2 tengu warriors
  A vampire mage (Depths:2)
  13 naga sharpshooters
  2 deep troll earth magi
  5 deep elf knights
  Urug (D:10)
  4 thrashing horrors
  6 shock serpents
  A soul eater (WizLab)
  Nergalle (Orc:1)
  A storm dragon zombie (Depths:2)
  A fire crab (shapeshifter) (D:15)
  6 hell knights (Depths:2)
  Sonja (D:10)
  2 shadow wraiths
  3 goliath frogs
  5 sixfirhies
  6 skeletal warriors
  4 unseen horrors
  12 deep trolls
  7 spriggan druids
  11 naga ritualists
  2 glowing orange brains
  5 starcursed masses (WizLab)
  8 swamp dragons
  A flayed ghost (Vaults:1)
  9 harpies
  An obsidian statue (WizLab)
  8 wizards
  3 bog bodies
  2 deep elf archers
  13 ironbrand convokers
  A lindwurm (Lair:6)
  A swamp dragon (shapeshifter) (Vaults:3)
  4 wolf spiders
  10 orc knights
  A stone giant zombie (Depths:2)
  12 orc sorcerers
  18 ugly things
  18 mana vipers
  3 necromancers
  4 cyclopes
  5 will-o-the-wisps
  12 deep elf magi
  A cyclops (shapeshifter) (D:15)
  17 elephants
  40 black mambas
  2 salamanders (Snake:2)
  2 manticores (D:15)
  A black mamba (shapeshifter) (D:14)
  An ice statue (IceCv)
  12 naga magi
  Psyche (D:8)
  A guardian serpent (shapeshifter) (Vaults:1)
  3 guardian serpents
  A centaur zombie (D:15)
  3 orange demons
  10 cane toads
  A gargoyle (D:14)
  15 vault sentinels
  A torpor snail (Lair:6)
  7 rime drakes
  11 komodo dragons
  Maggie (D:6)
  A kobold demonologist (D:14)
  2 efreet
  3 freezing wraiths
  3 hellwings (Swamp:4)
  43 yaktaurs
  An ancient zyme (Zig:1)
  3 tengu conjurers
  16 polar bears
  2 bloated husks
  10 tyrant leeches
  8 trolls
  A hornet (shapeshifter) (Depths:2)
  21 blink frogs
  A raiju (WizLab)
  11 slime creatures
  Grinder (D:4)
  12 hornets
  A human simulacrum (Vaults:2)
  2 stone giant simulacra (Vaults:2)
  2 tarantellas (shapeshifter)
  A shadow (D:14)
  A ynoxinul (WizLab)
  2 vampires
  13 spriggans
  2 spriggans (shapeshifter)
  6 wraiths
  60 yaks
  Sigmund (D:3)
  2 basilisks
  A basilisk (shapeshifter) (Depths:3)
  Eustachio (D:5)
  A golden eye (shapeshifter) (Vaults:1)
  3 hogs (Snake:3)
  A human (shapeshifter) (Vaults:1)
  A wyvern (Lair:4)
  A yak (shapeshifter) (Depths:2)
  A yaktaur simulacrum (Vaults:2)
  4 chaos spawn
  A neqoxec (Swamp:4)
  3 spatial vortices (WizLab)
  5 wargs
  9 vampire mosquitoes
  A soldier ant (shapeshifter) (D:15)
  A spriggan simulacrum (Depths:2)
  15 swamp worms
  55 nagas
  4 soldier ants
  Duvessa (D:5)
  6 acid dragons
  33 water moccasins
  A gelid demonspawn skeleton (WizLab)
  5 hell hounds (Depths:2)
  A floating eye (Depths:3)
  A torturous demonspawn skeleton (WizLab)
  3 swamp drakes
  24 orc warriors
  2 ice beasts
  4 sky beasts
  4 black bears
  A black mamba simulacrum (Abyss:3)
  10 boggarts
  37 ogres
  3 necrophages
  An eye of draining (shapeshifter) (D:13)
  32 centaurs
  2 phantoms
  21 wolves
  A big kobold (D:14)
  23 bullfrogs
  4 small abominations
  A human skeleton (WizLab)
  Dowan (D:5)
  3 scorpions
  3 killer bees (D:13)
  An elf simulacrum (Vaults:2)
  23 wights
  11 electric eels
  2 bullfrog skeletons
  3 jellies
  8 hounds
  21 orc priests
  5 centaur skeletons
  Jessica (D:3)
  3 iguanas
  43 orc wizards
  8 worker ants
  A hound zombie (D:9)
  Robin (D:4)
  29 adders
  14 gnolls
  A river rat (D:4)
  2 shadow imps
  2 white imps
  4 ufetubi
  An ooze (D:6)
  An adder zombie (D:7)
  3 worms
  An adder skeleton (D:9)
  2 dart slugs
  6 leopard geckos
  107 orcs
  4 ball pythons
  9 bats
  12 giant cockroaches
  15 goblins
  11 hobgoblins
  11 jackals
  31 kobolds
  6 quokkas
  13 frilled lizards
  A giant cockroach zombie (D:6)
  A quokka zombie (D:6)
  10 rats
  5 crawling corpses (Vaults:2)
  A lurking horror (Snake:3)
  2 starspawn tentacles (WizLab)
1677 creatures vanquished.

Vanquished Creatures (collateral kills)
  Agnes (Snake:4)
  2 fenstrider witches
  An orc warlord (Bailey)
  A reaper (Swamp:4)
  A stone giant (Depths:3)
  A dire elephant (Lair:6)
  3 ogre magi (Depths:2)
  A deep elf death mage (Zig:4)
  A boulder beetle (Lair:5)
  A hydra (Swamp:4)
  A naga warrior (Snake:4)
  An alligator (Swamp:4)
  A death yak (Lair:6)
  2 wizards
  2 swamp dragons (Swamp:4)
  An orc sorcerer (Swamp:4)
  A cyclops (D:13)
  A guardian serpent (Snake:3)
  A naga mage (Depths:2)
  A tyrant leech (Swamp:4)
  A hornet (Swamp:4)
  A spriggan (Swamp:4)
  A neqoxec (Abyss:3)
  2 nagas (Snake:4)
  2 orc warriors (Orc:1)
  3 centaurs (D:13)
  An orc priest (Orc:1)
  An orc (Bailey)
37 creatures vanquished.

Vanquished Creatures (others)
  Nikola (Depths:2)
  A lich (Depths:2)
  An eldritch tentacle (WizLab)
  A hell hog (Depths:2)
  2 deep elf magi
  6 bloated husks
  A small abomination (Abyss:2)
  A spriggan (Swamp:1)
  A naga (Snake:4)
  A centaur (Depths:2)
  A human skeleton (WizLab)
  2 orc wizards
  An adder (D:10)
  4 demonic plants (Abyss:2)
  32 foxfires
  33 fungi
  2 lurking horrors
  94 plants
  26 starspawn tentacles
  4 withered plants (Vaults:3)
215 creatures vanquished.

Grand Total: 1929 creatures vanquished

Notes
Turn   | Place    | Note
-------+----------+-------------------------------------------
     0 | D:1      | dtburroughs the Minotaur Berserker began the quest for the
                  | Orb.
     0 | D:1      | Reached XP level 1. HP: 19/19 MP: 0/0
   119 | D:1      | Reached XP level 2. HP: 24/27 MP: 1/1
   312 | D:1      | Reached ** piety under Trog
   448 | D:1      | Reached XP level 3. HP: 30/33 MP: 2/2
  1751 | D:2      | Reached XP level 4. HP: 41/41 MP: 3/3
  2139 | D:3      | Noticed Jessica
  2148 | D:3      | Killed Jessica
  2219 | D:3      | Found a broken altar of Ashenzari.
  2313 | D:3      | You fall into a shaft and drop 3 floors!
  2327 | D:6      | Reached XP level 5. HP: 45/47 MP: 4/4
  2377 | D:6      | Noticed an ogre
  2389 | D:6      | Found Xonuw's Weapon Emporium.
  2397 | D:6      | Reached skill level 5 in Fighting
  2397 | D:6      | Reached skill level 5 in Axes
  2400 | D:6      | Reached XP level 6. HP: 32/56 MP: 5/5
  2545 | D:6      | Reached *** piety under Trog
  2594 | D:6      | Found Lisiatah's Antique Armour Boutique.
  2651 | D:6      | Found a staircase to the Ecumenical Temple.
  2692 | D:5      | Entered Level 5 of the Dungeon
  2718 | D:4      | Found a glowing drain.
  2729 | Sewer    | Entered a sewer
  2986 | Sewer    | Reached XP level 7. HP: 54/62 MP: 6/6
  2987 | Sewer    | Reached skill level 5 in Armour
  3067 | D:4      | Noticed Grinder
  3083 | D:4      | Killed Grinder
  3084 | D:4      | Reached skill level 5 in Dodging
  3173 | D:4      | Found Estraidap's Antique Weapon Boutique.
  3455 | D:3      | Reached **** piety under Trog
  3502 | D:3      | Noticed Sigmund
  3520 | D:3      | Killed Sigmund
  3521 | D:3      | Reached XP level 8. HP: 71/71 MP: 7/7
  4042 | D:4      | Noticed Robin
  4050 | D:4      | Killed Robin
  4450 | D:5      | You fall into a shaft and drop 3 floors!
  4472 | D:8      | Reached skill level 1 in Shields
  4792 | D:7      | Reached XP level 9. HP: 81/81 MP: 8/8
  5746 | D:5      | Noticed Eustachio
  5771 | D:5      | Killed Eustachio
  6301 | D:5      | Noticed Duvessa
  6301 | D:5      | Noticed Dowan
  6311 | D:5      | Reached skill level 5 in Shields
  6319 | D:5      | Killed Duvessa
  6329 | D:5      | Killed Dowan
  6501 | D:6      | Reached XP level 10. HP: 87/91 MP: 9/9
  6618 | D:6      | Noticed Maggie
  6637 | D:6      | Killed Maggie
  6725 | D:6      | Found a basalt altar of Yredelemnul.
  7026 | D:6      | Found Bana Ina's General Store.
  7094 | D:6      | Found Uptaoju's Assorted Antiques.
  7571 | D:7      | Found an opulent altar of Gozag.
  7827 | D:7      | Found a glowing silver altar of Zin.
  8180 | D:8      | Found a staircase to the Lair.
  8860 | D:8      | Noticed Psyche
  8872 | D:8      | Killed Psyche
  9162 | D:9      | Reached skill level 10 in Fighting
  9206 | D:9      | Reached skill level 10 in Axes
  9244 | D:9      | Found Foklarex's Book Shoppe.
  9760 | D:9      | Reached ***** piety under Trog
 10016 | D:10     | Entered Level 10 of the Dungeon
 10191 | D:10     | Noticed Maurice
 10213 | D:9      | Reached XP level 11. HP: 57/100 MP: 10/10
 10436 | D:10     | Noticed Maurice
 10436 | D:10     | Maurice changed into Maurice the bullfrog
 10443 | D:10     | Killed Maurice the bullfrog
 10936 | D:10     | Reached skill level 10 in Armour
 11523 | D:10     | Noticed Urug
 11537 | D:10     | Killed Urug
 12724 | D:10     | Found a runed translucent door.
 12725 | D:10     | Noticed a spriggan rider
 12728 | D:10     | Noticed vvl's ghost (journeyman DrTm)
 12728 | D:10     | Identified the +7 spear "Inirrit" {pain, rC+ Stlth+}
 12837 | D:10     | Killed an unseen horror
 13186 | D:10     | Noticed Sonja
 13218 | D:10     | HP: 4/101 [Sonja/+1 short sword of distortion (12)]
 13223 | D:11     | HP: 4/101 [poisoned by Sonja (curare-tipped dart)]
 13231 | D:11     | HP: 5/101 [poisoned by Sonja (curare-tipped dart)]
 13236 | D:11     | HP: 4/101 [poisoned by Sonja (curare-tipped dart)]
 13242 | D:11     | HP: 4/101 [poisoned by Sonja (curare-tipped dart)]
 13653 | D:11     | Found a frozen archway.
 13656 | D:11     | Noticed a four-headed hydra
 13665 | IceCv    | Entered an ice cave
 14573 | IceCv    | Noticed a frost giant
 14607 | IceCv    | Killed a frost giant
 14608 | IceCv    | Reached skill level 10 in Dodging
 14913 | IceCv    | Reached XP level 12. HP: 51/110 MP: 11/11
 15466 | IceCv    | Found the +8 Wrath of Trog {antimagic, *Rage}
 15848 | D:11     | Noticed a two-headed ogre
 15855 | D:11     | Killed a four-headed hydra
 15864 | D:11     | Killed a two-headed ogre
 15926 | D:11     | Noticed a seven-headed hydra
 15947 | D:11     | Killed a seven-headed hydra
 16397 | D:11     | Noticed a two-headed ogre
 16427 | D:11     | Killed a two-headed ogre
 16650 | D:11     | Noticed a two-headed ogre
 16664 | D:11     | Killed a two-headed ogre
 16753 | D:11     | Reached skill level 10 in Shields
 17621 | D:10     | Killed Sonja
 18085 | Lair:1   | Entered Level 1 of the Lair of Beasts
 18710 | Lair:1   | Identified the Reference Book on Translocation
 19027 | Lair:1   | Reached XP level 13. HP: 98/119 MP: 12/12
 21025 | Lair:3   | Found a staircase to the Swamp.
 23829 | Lair:4   | Found a staircase to the Snake Pit.
 24306 | Snake:1  | Entered Level 1 of the Snake Pit
 26453 | Lair:6   | Entered Level 6 of the Lair of Beasts
 26779 | Lair:6   | Reached XP level 14. HP: 115/129 MP: 13/13
 27212 | Lair:6   | Found a shimmering blue altar of Sif Muna.
 28221 | Lair:6   | Found a runed translucent door.
 28221 | Lair:6   | Found a viscous altar of Jiyva.
 28222 | Lair:6   | Found a staircase to the Slime Pits.
 28222 | Lair:6   | Noticed an acid blob
 30399 | D:12     | Found a staircase to the Orcish Mines.
 30982 | D:13     | Got a fading hand axe
 30983 | D:13     | Identified the +5 hand axe "Femopiv" {flame, rElec Will+
                  | Dex-4 SInv} (You found it on level 13 of the Dungeon)
 31956 | D:13     | Reached XP level 15. HP: 130/139 MP: 14/14
 32499 | D:14     | Noticed Roxanne
 32523 | D:14     | Killed Roxanne
 33031 | D:14     | Found a gate to the Vaults.
 33776 | D:15     | Entered Level 15 of the Dungeon
 34044 | D:15     | Reached skill level 15 in Axes
 34058 | D:15     | Reached skill level 15 in Fighting
 34270 | D:15     | Received a gift from Trog
 34320 | D:15     | Found a runed translucent gate.
 34320 | D:15     | Found a runed translucent gate.
 34320 | D:15     | Found a runed translucent gate.
 34321 | D:15     | Noticed Qishud's ghost (adept GrEE)
 34733 | D:15     | Found a shadowy altar of Dithmenos.
 35098 | D:15     | Reached skill level 15 in Armour
 35474 | D:15     | Found a staircase to the Depths.
 35515 | D:15     | Gained mutation: Your flesh is heat resistant. (rF+) [a
                  | shining eye]
 36010 | Orc:1    | Entered Level 1 of the Orcish Mines
 36078 | Orc:1    | Found Nion Civ's Distillery.
 36088 | Orc:1    | Bought a potion of resistance for 160 gold pieces
 36088 | Orc:1    | Bought a potion of curing for 48 gold pieces
 36088 | Orc:1    | Bought a potion of heal wounds for 80 gold pieces
 36088 | Orc:1    | Bought a potion of curing for 48 gold pieces
 36088 | Orc:1    | Bought a potion of haste for 160 gold pieces
 36088 | Orc:1    | Bought a potion of lignification for 48 gold pieces
 36158 | Orc:1    | Found a flagged portal.
 36167 | Bailey   | Entered a bailey
 36172 | Bailey   | Noticed an orc warlord
 36329 | Bailey   | Found a runed translucent gate.
 36330 | Bailey   | Found a runed translucent gate.
 36332 | Bailey   | Found a runed translucent gate.
 36446 | Bailey   | Killed an orc warlord
 36546 | Orc:2    | Entered Level 2 of the Orcish Mines
 36651 | Orc:2    | Found a roughly hewn altar of Beogh.
 36700 | Orc:1    | Noticed Josephine
 36706 | Orc:1    | Found a runed translucent door.
 36706 | Orc:1    | Noticed bnorton916's ghost (journeyman DECj)
 36723 | Orc:1    | Killed Josephine
 37378 | Orc:2    | Found an ancient bone altar of Kikubaaqudgha.
 37408 | Orc:2    | Found Nasostai's Antique Weapon Shop.
 37556 | Orc:2    | Noticed Erolcha
 37570 | Orc:2    | Killed Erolcha
 37579 | Orc:2    | Found a radiant altar of Vehumet.
 37793 | Orc:2    | Received a gift from Trog
 37814 | Orc:2    | Paralysed by an orc sorcerer for 2 turns
 37818 | Orc:2    | Found Xiciux's Gadget Boutique.
 37924 | Orc:2    | Found a staircase to the Elven Halls.
 38077 | Orc:2    | Found Yqesois's Book Shop.
 38078 | Orc:2    | Found a roughly hewn altar of Beogh.
 38100 | Orc:2    | Found Opheuptapes's Distillery.
 38108 | Orc:2    | Bought a potion of curing for 48 gold pieces
 38108 | Orc:2    | Bought a potion of heal wounds for 80 gold pieces
 38310 | Orc:1    | Noticed Nergalle
 38321 | Orc:1    | Killed Nergalle
 38446 | Orc:1    | Noticed an orc warlord
 38468 | Orc:1    | Killed an orc warlord
 38937 | Lair:1   | Identified a scroll of acquirement
 38939 | Lair:1   | Acquired 638 gold pieces
 39034 | Swamp:1  | Entered Level 1 of the Swamp
 39395 | Swamp:1  | Reached XP level 16. HP: 147/148 MP: 15/15
 44410 | Swamp:3  | Reached skill level 15 in Dodging
 44410 | Swamp:3  | Reached skill level 15 in Shields
 44563 | Swamp:4  | Entered Level 4 of the Swamp
 45784 | Swamp:4  | Reached XP level 17. HP: 78/159 MP: 16/16
 46046 | Swamp:4  | Gained mutation: Scrolls take you a little longer to read.
                  | [a neqoxec]
 46315 | Swamp:4  | Cast into level 2 of the Abyss (a wizard)
 46364 | Abyss:2  | Found a shimmering altar of Xom.
 46651 | Abyss:2  | Noticed a bone dragon
 46740 | Abyss:3  | Gained mutation: Your spells are a little easier to cast,
                  | but a little less powerful. [a neqoxec]
 46931 | Abyss:3  | Found a corrupted altar of Lugonu.
 46975 | Abyss:3  | Noticed a Hell Sentinel
 46979 | Abyss:3  | Noticed a bone dragon
 47002 | Abyss:3  | HP: 2/112 [smoke demon/divine providence (12)]
 47003 | Abyss:3  | Gained mutation: Your spells are easier to cast, but less
                  | powerful. [a neqoxec]
 47076 | Swamp:4  | Escaped the Abyss
 48001 | Swamp:4  | Got a decaying rune of Zot
 48364 | D:6      | Bought a +1 plate armour of willpower for 420 gold pieces
 48484 | Lair:1   | Acquired the +14 obsidian axe {vorpal, +Fly SInv *Curse}
 48484 | Lair:1   | Found the +14 obsidian axe {vorpal, +Fly SInv *Curse}
 48503 | Lair:1   | Reached skill level 1 in Evocations
 48503 | Lair:1   | Reached XP level 18. HP: 152/152 MP: 17/17
 49115 | Snake:1  | Found Geimedur's Book Boutique.
 49155 | Snake:1  | Found a shimmering blue altar of Sif Muna.
 49678 | Snake:1  | Found Iphyuzai's Gadget Boutique.
 49678 | Snake:1  | Found Ajahig's Jewellery Emporium.
 49679 | Snake:1  | Found Togixaebew's Gadget Boutique.
 49687 | Snake:1  | Bought the amulet "Pabasch" {Reflect +Inv SH+5 Stlth+} for
                  | 655 gold pieces
 50154 | Snake:2  | Noticed Jorgrun
 50181 | Snake:2  | Killed Jorgrun
 50196 | Snake:2  | Found a shimmering altar of Xom.
 50623 | Snake:2  | Found Jakhudo's Antique Weapon Emporium.
 50623 | Snake:2  | Found Laumab's General Store.
 50624 | Snake:2  | Found Jiypnep's Antique Weapon Emporium.
 50626 | Snake:2  | Found Hog Kiuph's Jewellery Shoppe.
 50640 | Snake:2  | Bought a scroll of blinking for 90 gold pieces
 50640 | Snake:2  | Bought a scroll of blinking for 90 gold pieces
 51540 | Snake:3  | Noticed Kirke
 51556 | Snake:3  | Killed Kirke
 51984 | Snake:3  | Reached XP level 19. HP: 168/177 MP: 18/18
 52156 | Snake:3  | Found a corrupted altar of Lugonu.
 52157 | Snake:3  | Found a one-way gate to the infinite horrors of the Abyss.
 52682 | Snake:4  | Entered Level 4 of the Snake Pit
 52695 | Snake:4  | Found a burning altar of Makhleb.
 52711 | Snake:4  | Noticed Vashnia
 52747 | Snake:4  | Killed Vashnia
 52903 | Snake:4  | Noticed Aizul
 52928 | Snake:4  | Killed Aizul
 53860 | Snake:4  | Found Zyrib's Distillery.
 53892 | Snake:4  | Found Qiloze's General Store.
 53972 | Snake:4  | Bought a potion of curing for 66 gold pieces
 53972 | Snake:4  | Bought a potion of cancellation for 176 gold pieces
 53972 | Snake:4  | Bought a potion of curing for 66 gold pieces
 53972 | Snake:4  | Bought 2 potions of cancellation for 352 gold pieces
 53981 | Snake:4  | Bought a potion of lignification for 51 gold pieces
 53981 | Snake:4  | Bought a scroll of blinking for 127 gold pieces
 55070 | Snake:4  | Received a gift from Trog
 55076 | Snake:4  | Got an ancient hand axe {god gift}
 55077 | Snake:4  | Identified the +7 hand axe "Jaethupn" {antimagic, *Noise
                  | rN+ Int+8 SInv} (Trog gifted it to you on level 4 of the
                  | Snake Pit)
 55797 | Snake:4  | Noticed Agnes
 55822 | Snake:4  | Killed Agnes
 56283 | Snake:4  | Got a serpentine rune of Zot
 56796 | Vaults:1 | Entered Level 1 of the Vaults
 56796 | Vaults:1 | Noticed Saint Roka
 57386 | D:14     | Killed Saint Roka
 58405 | Vaults:1 | Noticed a lich
 58419 | Vaults:1 | Killed a lich
 58420 | Vaults:1 | Reached XP level 20. HP: 174/189 MP: 19/19
 58915 | Vaults:1 | Noticed Donald
 58921 | Vaults:1 | Killed Donald
 59563 | Vaults:2 | Received a gift from Trog
 59572 | Vaults:2 | Got a crystal broad axe {god gift}
 59573 | Vaults:2 | Identified the +5 broad axe of Revolt {vorpal, Will+} (Trog
                  | gifted it to you on level 2 of the Vaults)
 60065 | Vaults:2 | You fall into a shaft and drop 2 floors!
 60415 | Vaults:4 | Noticed Frederick
 60440 | Vaults:4 | Killed Frederick
 60597 | Vaults:4 | Found a large runed translucent door.
 60597 | Vaults:4 | Found a large runed translucent door.
 60597 | Vaults:4 | Noticed Besh's ghost (adept GnGl)
 60597 | Vaults:4 | Noticed Faydane's ghost (veteran HuFi)
 60827 | Vaults:4 | Received a gift from Trog
 61183 | Vaults:4 | Found Nuemolumau's Assorted Antiques.
 61193 | Vaults:4 | Bought a potion of curing for 93 gold pieces
 62157 | Vaults:3 | Reached XP level 21. HP: 188/199 MP: 20/20
 63793 | Vaults:2 | Found a staircase to the Crypt.
 63793 | Vaults:2 | Found a basalt altar of Yredelemnul.
 63794 | Vaults:2 | Found an ancient bone altar of Kikubaaqudgha.
 64019 | Vaults:3 | Received a gift from Trog
 64561 | Vaults:3 | Found a runed translucent gate.
 64561 | Vaults:3 | Found a runed translucent gate.
 64561 | Vaults:3 | Found a runed translucent gate.
 64939 | Vaults:3 | Reached ****** piety under Trog
 65241 | Vaults:3 | Noticed Sianeop's ghost (adept GrFi)
 65241 | Vaults:3 | Noticed Olop's ghost (adept DsGl)
 65241 | Vaults:3 | Noticed christhawk's ghost (adept MiHu)
 65865 | Depths:1 | Entered Level 1 of the Depths
 66449 | Depths:1 | Noticed Mara
 66466 | Depths:1 | Noticed dtburroughs's illusion
 66490 | Depths:1 | Killed Mara
 66582 | Depths:1 | Found a gateway to Hell.
 66843 | Depths:1 | Received a gift from Trog
 67417 | Depths:2 | Reached XP level 22. HP: 197/210 MP: 21/21
 67620 | Depths:2 | Found a magical portal.
 67645 | WizLab   | Entered The Roulette of Golubria
 67645 | WizLab   | Found a transporter.
 67666 | WizLab   | Found a corrupted altar of Lugonu.
 67690 | WizLab   | Found a transporter.
 67692 | WizLab   | Found a corrupted altar of Lugonu.
 67733 | WizLab   | Found a corrupted altar of Lugonu.
 67734 | WizLab   | Found the +1 cloak of Starlight {*Dazzle EV+4 Stlth--}
 67762 | WizLab   | Found a transporter.
 67803 | WizLab   | Found a transporter.
 67822 | WizLab   | Found a transporter.
 67876 | WizLab   | Found a transporter.
 67895 | WizLab   | Found a transporter.
 67952 | WizLab   | Found a transporter.
 68058 | WizLab   | Found a transporter.
 68059 | WizLab   | Found a transporter.
 68064 | WizLab   | Got a faintly glowing turquoise ring
 68282 | WizLab   | Found a transporter.
 68333 | WizLab   | Identified the ring of Attitude {rElec rPois rF- rC+++
                  | Int-4} (You found it in a wizard's laboratory)
 68339 | WizLab   | Identified the +2 cloak "Pilonkao" {rC- Int+6 Dex+7} (You
                  | found it in a wizard's laboratory)
 68342 | WizLab   | Got a faintly glowing cloak
 68353 | WizLab   | Identified the +2 cloak of Subjectivity {rF+ MP+9} (You
                  | found it in a wizard's laboratory)
 68371 | WizLab   | Got a spiked cloak
 68382 | WizLab   | Identified the cursed +0 cloak of Fopponog {MP+9} (You
                  | found it in a wizard's laboratory)
 68412 | WizLab   | Found a transporter.
 68412 | WizLab   | Found a transporter.
 68454 | WizLab   | Paralysed by accursed screaming for 1 turns
 68457 | WizLab   | Paralysed by accursed screaming for 1 turns
 68464 | WizLab   | Found a transporter.
 68464 | WizLab   | Found a transporter.
 68495 | WizLab   | Got a pair of polished boots
 68506 | WizLab   | Identified the +0 pair of boots of Rotation {+Fly Str-2
                  | Int-3 Slay+4} (You found it in a wizard's laboratory)
 68714 | WizLab   | Found a transporter.
 68714 | WizLab   | Found a transporter.
 68779 | WizLab   | Found a transporter.
 68779 | WizLab   | Found a transporter.
 69054 | Depths:2 | Received a gift from Trog
 69540 | Depths:2 | Found a shimmering blue altar of Sif Muna.
 69540 | Depths:2 | Noticed Nikola
 69548 | Depths:2 | Gained mutation: You tend to lose your temper in combat.
                  | [mutagenic glow]
 69560 | Depths:2 | Killed Nikola
 69706 | Depths:2 | Gained mutation: Your spells are much easier to cast, but
                  | much less powerful. [mutagenic glow]
 69741 | Depths:2 | Gained mutation: Scrolls take you longer to read.
                  | [mutagenic glow]
 70821 | Depths:2 | Found the +5 sword of Power {vorpal}
 70829 | Depths:2 | Identified the ring "Zaehez" {Int+7 Dex+3 Slay-5 SInv} (You
                  | found it on level 2 of the Depths)
 71040 | Depths:3 | Found a gateway to a ziggurat.
 71062 | Zig:1    | Entered Level 1 of a ziggurat
 71081 | Zig:2    | Entered Level 2 of a ziggurat
 71112 | Zig:3    | Entered Level 3 of a ziggurat
 71132 | Zig:3    | Identified Quam's Papyrus of the Mountains and Lightness
 71137 | Zig:4    | Entered Level 4 of a ziggurat
 71297 | Depths:3 | Received a gift from Trog
 71368 | Depths:3 | Noticed a juggernaut
 71391 | Depths:3 | Killed a juggernaut
 71392 | Depths:3 | Noticed a juggernaut
 71413 | Depths:3 | Killed a juggernaut
 71419 | Depths:3 | Noticed a juggernaut
 71424 | Depths:3 | Noticed a juggernaut
 71432 | Depths:3 | HP: 10/213 [sphinx/divine providence (13)]
 71436 | Depths:3 | Demolished by an ettin

Illustrated notes

Levels and vault maps discovered:
D:1:      heliophobic_arrival_enchanted_forest, layout_basic
D:2:      layout_loops_ring
D:3:      kennysheep_six_static_rooms, layout_basic,
          ashenzari_conservatory_becter, uniq_jessica, uniq_sigmund
D:4:      layout_basic, portal_sewer_entry_b, serial_shops, shop_fountains,
          chequers_serial_rivers_micro_c, kennysheep_generic_room_9,
          uniq_grinder, uniq_robin
D:5:      layout_loops_cross, uniq_duvessa, uniq_eustachio
D:6:      layout_gridville, yredelemnul_altar_generic,
          minmay_temple_entry_enclosed_plants, serial_shops,
          kennysheep_mini_moat, nicolae_shop_waterfront, shop,
          nicolae_shop_temple_entry_statues_fountains, uniq_maggie
D:7:      layout_loops_ring, marbit_many_paths, zin_academy
D:8:      layout_cave_pools, erik_lair_orcish_takeover, uniq_psyche
D:9:      layout_irregular_city, serial_shops, shop
D:10:     layout_basic, ebering_ghost_funeral_grove, uniq_sonja, uniq_urug,
          uniq_maurice
D:11:     layout_long_grid, serial_rivers, chequers_serial_rivers_room_a,
          chequers_serial_rivers_micro_d, chequers_serial_rivers_micro_d,
          chequers_serial_rivers_small_3, chequers_serial_rivers_micro_e,
          portal_ice_cave_entry_pillars_2, the_bakery
D:12:     layout_basic, david_orc_2
D:13:     lemuel_reptile_caves, layout_irregular_city, kb_rosetta
D:14:     layout_long_grid, david_vaults_1, moated_statue, uniq_roxanne
D:15:     gammafunk_enter_depths_forms, layout_loops_ring,
          nicolae_dithmenos_through_a_glass_darkly, gammafunk_ghost_spectres
Lair:1:   layout_cave_pods
Lair:2:   layout_cave_pods
Lair:3:   layout_gridlike, swamp_mist_pool
Lair:4:   layout_small_grid, dummy_snake_entry
Lair:5:   layout_cave_pods, wad_woods_road_05, serial_bayou_shore_b
Lair:6:   grunt_lair_end_beastmaster, layout_misc_corridors, slime_altar_2,
          basic_altar, grunt_forest_stairs_basic, wad_woods_road_01,
          chequers_serial_rivers_marsh, serial_bayou_shore_a
Swamp:1:  layout_basic_swamp, wheals_swamp_sinkhole
Swamp:2:  nzn_winding_woodlands_medium [nzn_winding_woodlands_5x5_three,
          nzn_winding_woodlands_5x15_eye, nzn_winding_woodlands_5x5_default,
          nzn_winding_woodlands_5x5_checkerboard,
          nzn_winding_woodlands_center_garden,
          nzn_winding_woodlands_5x5_open_star, nzn_winding_woodlands_hourglass,
          nzn_winding_woodlands_5x15_default,
          nzn_winding_woodlands_5x5_closed_star], layout_basic_swamp,
          evilmike_swamp_ruin_house_1, infiniplex_staircase_pool
Swamp:3:  layout_basic_swamp, evilmike_swamp_ruin_house_2, swamp_pool1
Swamp:4:  nzn_swamp_witches_coven, layout_basic_swamp
Snake:1:  layout_cave_pods, serial_shops, shop_statue, basic_altar,
          minmay_shop_grove
Snake:2:  layout_onion_interference, basic_altar, st_stairs_6, minmay_shoptagon,
          serial_bayou_shore_b, uniq_jorgrun
Snake:3:  layout_rooms, amcnicky_altar_lugonu_corruption, uniq_kirke
Snake:4:  minmay_snake_end_coiled, layout_misc_corridors, serial_shops, shop,
          shop, basic_altar, uniq_aizul, uniq_vashnia, uniq_agnes
Orc:1:    layout_diamond_mine, gammafunk_ghost_grave, enter_volcano_4,
          serial_shops, nicolae_shop_stone, enter_bailey_4,
          nicolae_orc_stony_grotto, uniq_josephine, uniq_nergalle
Orc:2:    kennysheep_orc_mage_school, layout_caves, mines1_david
Vaults:1: v_misc_1, vaults_room_fancy_cross, vaults_dpeg_ring, v_misc_5,
          v_misc_10, st_star, v_misc_24, v_misc_1, v_misc_27,
          ontoclasm_vaults_ring_small, vaults_room_fours, vaults_room_grid,
          vaults_room_pools, ontoclasm_vaults_decontamination,
          vaults_dpeg_doors, layout_vaults_maze_snakey, uniq_saint_roka,
          uniq_donald
Vaults:2: ontoclasm_vaults_ring_large, v_misc_24, vaults_mumra_bighexcomb,
          v_misc_18, vaults_mumra_lcd, vaults_standard_mumra_x,
          nicolae_vaults_angled_halls, nicolae_vaults_little_squares_1,
          hangedman_vaults_trim, vaults_room_fours, vaults_dpeg_diagonal,
          hangedman_vaults_slice, nicolae_vaults_border_crossing,
          minmay_crypt_entry_necro_gods, layout_vaults_big_room
Vaults:3: gammafunk_vaults_ghost_cemetery, nicolae_vaults_diagonal_hallway_8,
          st_check, vaults_room_octagon, nicolae_vaults_little_squares_4,
          layout_vaults_omnigrid
Vaults:4: advil_vaults_ghost_guards, grunt_vaults_bifocal,
          hangedman_vaults_impose, v_alt_pattern_2, nicolae_vaults_quadrants,
          nicolae_vaults_circle_grid_a, hangedman_vaults_pinch,
          vaults_room_grunt_arrival_ludios, ontoclasm_vaults_tryst,
          nicolae_vaults_what_the_h, nicolae_vaults_alarming,
          hangedman_vaults_corner_blocks, layout_vaults_ring, serial_shops,
          nicolae_shop_overgrown_old_shop, uniq_frederick
Depths:1: layout_gridlike, hell_entry, serial_sigils_hangedman_snap,
          lightli_fourway_metalbox, serial_bayou_shore_b, grunt_megastairs_3,
          uniq_mara
Depths:2: evilmike_library_of_no_secrets, layout_cave_shapes,
          lightli_enter_wizlab_magi_temple, glass_columns_c, grunt_hell_horde,
          grunt_megastairs_5, uniq_nikola
Depths:3: minmay_the_grid_square_5x5_4x4
          [minmay_the_grid_square_5x5_two_walls_b,
          minmay_the_grid_square_5x5_shrine2,
          minmay_the_grid_square_5x5_trominoes,
          minmay_the_grid_square_5x5_shuriken, minmay_the_grid_square_5x5_three,
          minmay_the_grid_square_5x5_prize_gold,
          minmay_the_grid_square_5x5_prize_deathbox,
          minmay_the_grid_square_5x5_v, minmay_the_grid_square_5x5_inner_v,
          minmay_the_grid_square_5x5_prize_monsterx,
          minmay_the_grid_square_5x5_prize_snowflake,
          minmay_the_grid_square_5x5_lines, minmay_the_grid_square_5x5_n_small,
          minmay_the_grid_square_5x5_half_checkered,
          minmay_the_grid_square_5x5_almost_minimal,
          minmay_the_grid_square_5x5_inverted_slash], layout_basic,
          enter_ziggurat_e, nicolae_abyss_entry_one_way_or_another,
          rand_demon_pan_entry_4, kennysheep_flooded_box, hell_entry

Skill      XL: |  1  2  3  4  5  6  7  8  9 10 11 12 13 14 15 16 17 18 19 20 21 22 |
---------------+-------------------------------------------------------------------+-----
Axes           | 4 5 6 7 9 10 11 12 13 14 15 16 17 18 19 20 21 | 21.1
Fighting       | 4 5 6 7 9 10 11 12 13 14 15 16 17 18 19 20 21 | 21.0
Armour         | 3 4 6 7 8 9 11 12 13 14 15 16 17 18 19 20 | 20.9
Dodging        | 3 4 5 6 7 9 10 11 12 13 14 15 16 17 18 19 | 19.6
Shields        | 2 5 7 8 10 11 13 14 15 16 17 18 19 20 | 20.2
Evocations     | 1 |  1.5

Action                   |  1- 3 |  4- 6 |  7- 9 | 10-12 | 13-15 | 16-18 | 19-21 | 22-24 || total
-------------------------+-------+-------+-------+-------+-------+-------+-------+-------++-------
Melee: Hand axe          |   108 |    18 |       |       |   831 |  1023 |   208 |   282 ||  2470
       Headbutt          |    16 |    15 |    70 |   200 |   398 |   272 |   501 |   179 ||  1651
       War axe           |       |    89 |   321 |   811 |   393 |       |       |       ||  1614
       Flail             |       |       |       |    15 |    28 |       |       |       ||    43
       Broad axe         |       |       |       |       |   473 |   361 |  1586 |   297 ||  2717
       Battleaxe         |       |       |       |       |    10 |       |       |       ||    10
Invok: Trog's Hand       |       |     2 |     9 |    17 |    16 |    23 |    17 |     9 ||    93
       Berserk           |       |     1 |     2 |     4 |       |       |       |       ||     7
       Brothers in Arms  |       |       |       |       |     6 |     7 |     3 |     4 ||    20
Evoke: Wand              |       |       |       |     1 |       |     7 |     3 |     2 ||    13
       Lightning rod     |       |       |       |       |       |     4 |       |       ||     4
  Use: Scroll            |       |       |       |    22 |    25 |    27 |    13 |     6 ||    93
       Potion            |       |       |       |     6 |       |    33 |     1 |     9 ||    49
 Stab: Distracted        |       |       |       |       |     1 |     1 |     1 |     1 ||     4
       Confused          |       |       |       |       |       |     1 |       |       ||     1
Armor: Animal skin       |     8 |       |       |       |       |       |       |       ||     8
       Plate armour      |    60 |   113 |   206 |   451 |   319 |    81 |   256 |    82 ||  1568
       Chain mail        |       |       |       |       |   196 |   261 |       |       ||   457
       Skin              |       |       |       |       |       |     5 |       |       ||     5
Dodge: Dodged            |    70 |    66 |   146 |   532 |   676 |   434 |   281 |    83 ||  2288
Block: Buckler           |       |       |    44 |    46 |       |       |       |       ||    90
       Kite shield       |       |       |       |   481 |   495 |       |       |       ||   976
       Tower shield      |       |       |       |       |   867 |  1805 |  2075 |   642 ||  5389
       Reflection        |       |       |       |       |    48 |   104 |   259 |    19 ||   430
